nht, neutral male scurrid Tourist --------- --.......-- |..--.--..| |.`.`.`.`.| ----- |..--.--..| |...| ---..|.|.1--- |.{.| |.....`.....| |...| |..|`I`..|..| --------- |-`|.---`|`-| |.......| |..|..`..|..| |.......| |......%....| |...<...| ---.--.--.--- |.......| |.......| |.......| ---.>.--- ----+---- |..%| |.| |...-----------.| |.....^^^^^^^^^.| ----------------- nht the Excursionist Experience level: 7 Strength: 14 Dexterity: 11 Constitution: 14 Intelligence: 14 Wisdom: 7 Charisma: 15 Health: 0(36) Energy: 26(26) Def: 7 Gold: 451 Moves: 1119 Dungeon seed: KRJl1NFMqD6Cbaan Game ID: nht_1515143047 Your Inventory: Coins $ - 451 gold pieces Amulets S - a cursed amulet of change Weapons a - 51 blessed +2 darts (in quiver) w - a blessed +5 dwarvish short sword named Sword of Fate (weapon in paw) Armor e - an uncursed +0 Hawaiian shirt (being worn) A - an uncursed +0 dwarvish mithril-coat (being worn) H - a blessed +1 dwarvish cloak (being worn) W - an uncursed +0 mummy wrapping Comestibles d - an uncursed lembas wafer f - 3 uncursed eggs h - an uncursed tripe ration u - 2 uncursed eucalyptus leaves Scrolls k - an uncursed scroll of magic mapping m - an uncursed scroll of blank paper q - an uncursed scroll of consecration C - an uncursed scroll of taming D - 3 uncursed scrolls of earth E - a blessed scroll of confuse monster P - an uncursed scroll of teleportation V - an uncursed scroll of enchant armor Z - an uncursed scroll of remove curse Potions o - 3 potions of holy water s - an uncursed potion of extra healing J - an uncursed potion of speed R - an uncursed potion of invisibility U - a cursed potion of paralysis Rings z - an uncursed ring of shock resistance (on right paw) Q - an uncursed ring of warning (on left paw) X - a cursed ring of hunger Wands j - an uncursed wand of light (0:12) n - an uncursed wand of secret door detection (0:15) x - an uncursed wand of enlightenment (0:9) F - a blessed rustproof wand of polymorph (0:4) L - an uncursed wand of striking (0:5) M - an uncursed wand of cancellation (0:5) Tools i - a blessed oil lamp (lit) (0:1000) l - an uncursed expensive camera (0:58) p - a blessed oil lamp (0:1303) t - an uncursed towel v - an uncursed credit card K - an uncursed horn of plenty (0:2) Gems r - an uncursed chrysoberyl y - a blessed touchstone G - an uncursed worthless piece of yellowish brown glass Y - an uncursed fluorite Spells and supernatural/magical abilities: Name Level Category Fail Memory k - knock 1 matter 83% 98% w - wizard lock 2 matter 100% 98% W - pray for help -- divine ? -- Your skills at the end: Miscellaneous Skills wands [Basic] stealth [Skilled] Weapon Skills short sword [Basic] dart [Basic] Spellcasting Skills Final Attributes: You were devoutly aligned. You were shock resistant. Your writing paw was ok. You were telepathic. You were warned. You had infravision. You were invisible. You were very stealthy. You were fast. You were lucky. You are dead. Vanquished creatures: a small mimic an elf mummy a giant beetle 2 quivering blobs 3 water moccasins 4 Uruk-hai a rock piercer a shrieker a gnome lord a gnomish wizard 4 giant ants 3 floating eyes 6 dwarves 7 hill orcs a rothe a centipede 3 jitterbugs a wererat 7 killer bees a hobbit an acid blob 4 geckos a hobgoblin 4 giant rats a yellow mold 5 gnomes a garter snake a fox 2 kobolds 4 newts a goblin a grid bug a lichen 77 creatures vanquished. Voluntary challenges: You did not cause conflict. You did not have reflection. You were not displaced. You used a wielded weapon 85 times, starting on turn 309. You did not apply a unicorn horn. You did not use sinks. You read items or engraved 8 times, starting on turn 13. You never genocided any monsters. You never polymorphed an object. You never changed form. You used 1 wish, starting on turn 830. You did not wish for any artifacts. You never split a pudding. You never wrote Elbereth's name. You never violated your personal moral code. Dungeon overview: The Dungeons of Doom: levels 1 to 9 Level 1 a long staircase Level 2 a general store, a fountain stairs to The Gnomish Mines Level 3 Level 4 (potions) a general store Level 5 Level 6 an altar to The Lady Level 7 (oracle) some fountains Level 8 (chauns) stairs to Sokoban Level 9 (throne) The Gnomish Mines: levels 3 to 5 Level 3 stairs to The Dungeons of Doom Level 4 Level 5 (books) many shops, a temple to Blind Io, a magic chest, some fountains Sokoban: levels 6 to 7 Level 6 <- You were here a fountain Level 7 a magic chest stairs to The Dungeons of Doom History has recorded: On T:1 you entered the Dungeons of Doom to retrieve the Amulet of Yendor! On T:10 you reached level 2 of The Dungeons of Doom. On T:19 you reached level 3 of The Dungeons of Doom. On T:48 you reached level 4 of The Dungeons of Doom. On T:154 you advanced to experience level 2. On T:191 you advanced to experience level 3. On T:213 you reached level 2 of The Gnomish Mines. On T:224 you advanced to experience level 4. On T:301 you reached level 3 of The Gnomish Mines. On T:356 you advanced to experience level 5. On T:408 you entered the Minetown temple On T:453 you opened a magic chest. On T:677 you reached level 5 of The Dungeons of Doom. On T:685 you reached level 6 of The Dungeons of Doom. On T:693 you reached level 7 of The Dungeons of Doom. On T:741 you advanced to experience level 6. On T:744 you received Cleaver from The Lady. On T:794 you prayed to The Lady. On T:830 you wished for "blessed fixed wand of polymorph". On T:842 you reached level 8 of The Dungeons of Doom. On T:902 you reached level 4 of Sokoban. On T:915 you advanced to experience level 7. On T:1087 you reached level 3 of Sokoban. Score breakdown: Gold: 0 ( 0 points) Experience: 7 levels ( 600 points) Exploration: 9 levels ( 240 points) Discoveries: 39 items ( 1950 points) Variety of kills: 33 monsters ( 1650 points) Major goal: reached Minetown ( 500 points) Survival: died (score multiplied by 3) Total score: 14820 Latest messages: You stab the quivering blob! You kill the quivering blob! You see here a quivering blob corpse. You are now more skilled in stealth. You feel you could be more dangerous! You are now more skilled in stealth. You feel you could be more dangerous! You kill the jitterbug! With great effort you move the boulder. The boulder falls into and plugs a hole in the floor! You see here 2 pears. With great effort you move the boulder. You hear a monster behind the boulder. Perhaps that's why you cannot move it. Sparks fly as you whack the boulder. The axe-handle vibrates violently! With great effort you move the boulder. You stab the gnome king! (3x) The gnome king zaps a steel wand! The sleep ray hits you! The sleep ray bounces! Something punches you! (6x) You die... Final status: Aloha nht the Tourist, killed by a gnome king, while sleeping... You died in Sokoban on dungeon level 6 with 14820 points, and 451 pieces of gold, after 1119 moves. You were level 7 with a maximum of 36 hit points when you died.